 Dungeon Crawl Stone Soup version 0.29-a0-330-g52719c12eb (webtiles) character file.

Game seed: 817202297928086670

2899 kae the Zephyrmancer (level 9, 0/58 (59) HPs)
             Began as a Tengu Air Elementalist on Apr 23, 2022.
             Was a Follower of Qazlal.
             Slain by a wight
             ... wielding a +4 spear of freezing
              (9 damage)
             ... on level 8 of the Dungeon.
             The game lasted 00:06:20 (10727 turns).

kae the Zephyrmancer (Tengu Air Elementalist)      Turns: 10727, Time: 00:06:21

HP:   0/58 (59)     AC:  3    Str: 11    XL:     9   Next: 77%
MP:   2/14          EV: 14    Int: 17    God:    Qazlal [*.....]
Gold: 286           SH:  2    Dex: 15    Spells: 4/14 levels left

rFire   . . .      SeeInvis .   x - +1 falchion
rCold   . . .      Faith    .   (no shield)
rNeg    . . .      Spirit   .   a - +1 robe
rPois   .          Reflect  .   (helmet restricted)
rElec   .          Harm     .   (no cloak)
rCorr   .          Rampage  .   (no gloves)
Will    .....                   (boots unavailable)
Stlth   ++........              (no amulet)
HPRegen 0.19/turn               (no ring)
MPRegen 0.14/turn               (no ring)

@: flying quickly and evasively, lightly drained, quick
A: beak, talons 3, nimble flight
a: Renounce Religion


You were on level 8 of the Dungeon.
You worshipped Qazlal.
Qazlal was aware of your devotion.
You visited 2 branches of the dungeon, and saw 9 of its levels.

You collected 356 gold pieces.
You spent 70 gold pieces at shops.

Inventory:

Hand Weapons
 n - a +2 hand axe of freezing
 q - the +7 rapier of Division {freeze, rN++ Int+7 Dex-2}
   (You found it on level 3 of the Dungeon)

   It freezes those it strikes, dealing additional cold damage.
   It can also slow down cold-blooded creatures.
   Int:       It affects your intelligence (+7).
   Dex:       It affects your dexterity (-2).
   rN:        It greatly protects you from negative energy.
 x - a +1 falchion (weapon)
Armour
 a - a +1 robe (worn)
Jewellery
 c - a ring of fire
 l - a ring of flight
Wands
 s - a wand of iceblast (10)
 t - a wand of flame (4)
 w - a wand of polymorph (7) (quivered)
Scrolls
 d - 4 scrolls of teleportation
 g - a scroll of immolation
 h - 4 scrolls of identify
 j - 2 scrolls of magic mapping
 u - 2 scrolls of fog
Potions
 b - 2 potions of magic
 e - a potion of heal wounds
 f - a potion of berserk rage
 i - 2 potions of brilliance
 m - a potion of might
 o - 2 potions of mutation
 p - 3 potions of resistance
 r - a potion of flight
 v - a potion of degeneration


   Skills:
 + Level 7.9 Fighting
 * Level 6.2 Long Blades
 - Level 2.1 Dodging
 - Level 2.0 Stealth
 - Level 3.0 Spellcasting
 - Level 3.0 Conjurations
 + Level 11.2 Air Magic


You had 4 spell levels left.
You knew the following spells:

 Your Spells              Type           Power      Damage    Failure   Level
a - Shock                 Conj/Air       100%       1d9       1%          1
b - Static Discharge      Conj/Air       26%        N/A       1%          2
c - Swiftness             Air            40%        N/A       1%          3
d - Airstrike             Air            20%        N/A       1%          4

Your spell library contained the following spells:

 Spells                   Type           Power      Damage    Failure   Level


Dungeon Overview and Level Annotations

Branches:
Dungeon (8/15)             Temple (1/1) D:5
   Lair: D:8-11

Altars:
Ashenzari
Cheibriados
Dithmenos
Fedhas
Gozag
Hepliaklqana
Kikubaaqudgha
Makhleb
Okawaru
Qazlal
Ru
Sif Muna
Trog
Uskayaw
Vehumet
Wu Jian
Xom
Yredelemnul
Zin
The Shining One

Shops:
D:5 *

Annotations:
D:6 1 runed translucent door, Ajdolov's ghost, novice BaIE


Innate Abilities, Weirdness & Mutations

You have a beak for a mouth.
You have claws for feet.
Your magical nature lets you fly swiftly and evasively.


Message History

The wight hits you with a +0 falchion of protection.
You closely miss the wight. Your peck misses the wight.
The wight is severely damaged.
The wight barely misses you.
The wight hits you with a +0 falchion of protection.
You are too injured to fight recklessly!
You hit the wight but do no damage. Your kick misses the wight.
Your peck misses the wight.
The wight is severely damaged.
The wight misses you. The wight completely misses you.
You are too injured to fight recklessly!
You are too injured to fight recklessly!
You hit the wight. You claw the wight.
The wight is almost destroyed.
You block the wight's attack. The wight misses you.
You are too injured to fight recklessly!
You are too injured to fight recklessly!
You hit the wight but do no damage. You claw the wight, but do no damage.
The wight is almost destroyed.
The wight hits you from afar with a +4 spear of freezing!
You feel drained. The wight freezes you. The wight closely misses you.
You hit the wight but do no damage. Your kick misses the wight.
The wight is almost destroyed.
The wight hits you from afar with a +4 spear of freezing.
The wight freezes you. The wight misses you.
You hit the wight but do no damage. You claw the wight, but do no damage.
The wight is almost destroyed.
The wight barely misses you. The wight misses you.
You hit the wight. You claw the wight.
You destroy the wight!
Qazlal accepts your kill.
The wight hits you from afar with a +4 spear of freezing!
* * * LOW HITPOINT WARNING * * *
The wight freezes you.
* * * LOW HITPOINT WARNING * * *
You block the wight's attack.
Things that are here:
a +0 falchion of protection; a +0 robe The wight hits you from afar with a +4 spear of freezing!
You die...

###.### .. ......# .
... #..#.# .. ...#
)...## ... ...#
#...##.z ...# #.....
...# #..°#######..
...### #...@)z.)....
.....# ##.§#########
...#.# #).# .....#
#..# ##.### #..# #.#
#..#
#.###########..######
#....................
#####################


You could see a wight.

Vanquished Creatures
  A troll (D:7)
  Menkaure (D:7)
  A water moccasin (D:6)
  An orc warrior (D:7)
  3 ogres
  A black bear (D:6)
  A phantom (D:4)
  A kobold brigand (D:5)
  3 bullfrogs (D:7)
  A gnoll sergeant (D:6)
  5 scorpions
  7 wights
  6 killer bees
  A howler monkey (D:5)
  4 hounds
  3 jellies
  Jessica (D:2)
  4 iguanas
  6 orc wizards
  7 adders
  4 gnolls (D:6)
  A shadow imp (D:6)
  2 ufetubi (D:5)
  A worm (D:3)
  25 orcs
  A bat (D:2)
  8 endoplasms
  3 giant cockroaches
  11 goblins
  4 hobgoblins
  8 kobolds
  3 quokkas
  A ball python (D:1)
  4 rats
134 creatures vanquished.

Vanquished Creatures (others)
  4 plants
4 creatures vanquished.

Grand Total: 138 creatures vanquished

Notes
Turn   | Place    | Note
-------+----------+-------------------------------------------
     0 | D:1      | kae the Tengu Air Elementalist began the quest for the Orb.
     0 | D:1      | Reached XP level 1. HP: 10/10 MP: 4/4
   217 | D:1      | Found a faded altar of an unknown god.
   335 | D:1      | Reached XP level 2. HP: 16/16 MP: 0/6
   834 | D:2      | Learned a level 2 spell: Static Discharge
  1236 | D:2      | Reached skill level 1 in Fighting
  1300 | D:2      | Reached XP level 3. HP: 20/20 MP: 5/7
  1304 | D:2      | Learned a level 3 spell: Swiftness
  1436 | D:2      | Noticed Jessica
  1438 | D:2      | Killed Jessica
  1587 | D:2      | Reached XP level 4. HP: 25/25 MP: 5/8
  2420 | D:3      | Reached skill level 5 in Air Magic
  2424 | D:3      | Gained mutation: Your magical nature lets you fly swiftly
                  | and evasively. [Tengu growth]
  2424 | D:3      | Reached XP level 5. HP: 11/30 MP: 0/10
  3050 | D:3      | Identified the +7 rapier of Division {freeze, rN++ Int+7
                  | Dex-2}
  3669 | D:4      | Noticed a phantom
  3682 | D:4      | Killed a phantom
  3683 | D:4      | Reached XP level 6. HP: 17/37 MP: 2/11
  3895 | D:4      | Learned a level 4 spell: Airstrike
  4009 | D:4      | Reached skill level 6 in Air Magic
  4654 | D:5      | Entered Level 5 of the Dungeon
  4985 | D:5      | Found a stormy altar of Qazlal.
  5032 | D:5      | Reached skill level 7 in Air Magic
  5032 | D:5      | Reached XP level 7. HP: 41/44 MP: 2/12
  5161 | D:5      | Found a staircase to the Ecumenical Temple.
  5227 | Temple   | Entered the Ecumenical Temple
  5599 | D:5      | Became a worshipper of Qazlal Stormbringer
  5961 | D:5      | Found Gerghaal's General Store.
  5967 | D:5      | Bought a potion of berserk rage for 70 gold pieces
  6244 | D:5      | Reached skill level 5 in Fighting
  6524 | D:6      | Found a runed translucent door.
  6605 | D:6      | Reached skill level 8 in Air Magic
  6852 | D:6      | Found a broken altar of Ashenzari.
  6854 | D:6      | Found a hide-covered altar of Uskayaw.
  6875 | D:6      | Reached XP level 8. HP: 51/51 MP: 3/13
  7290 | D:6      | Noticed Ajdolov's ghost (novice BaIE)
  7424 | D:6      | Reached skill level 9 in Air Magic
  7675 | D:6      | Found a burning altar of Makhleb.
  7881 | D:6      | Reached * piety under Qazlal
  8228 | D:6      | Found a glowing golden altar of the Shining One.
  8392 | D:6      | Reached skill level 1 in Long Blades
  8392 | D:6      | Reached skill level 10 in Air Magic
  8608 | D:7      | Reached XP level 9. HP: 5/57 MP: 5/14
  8839 | D:7      | Noticed Menkaure
  8846 | D:7      | Killed Menkaure
  8847 | D:7      | HP: 2/57 [orc wizard/magic dart (7)]
  9063 | D:7      | Noticed a troll
  9179 | D:7      | Killed a troll
  9364 | D:7      | Reached skill level 5 in Long Blades
 10054 | D:7      | Reached skill level 11 in Air Magic
 10727 | D:8      | Slain by a wight

Illustrated notes

Levels and vault maps discovered:
D:1:      sevenhm_arrival_forest_fort_large_2, layout_rooms,
          shapermc_ecumenical_altar_starsandcircs
D:2:      layout_basic, chequers_big_river, st_stairs_7, uniq_jessica
D:3:      layout_loops_corners, serial_bayou, serial_bayou_crossing,
          serial_bayou_pond_b, serial_bayou_pond_d, serial_bayou_pond_a,
          serial_bayou_shore_a, serial_bayou_pond_e, minmay_unequal
D:4:      layout_gridville
D:5:      layout_loops_ring, lemuel_tele_altar, minmay_temple_entry_hall,
          serial_shops, kennysheep_little_box
D:6:      layout_loops_corners, nicolae_overflow_hidden_temple,
          mainiacjoe_overflow_alcove_1, ebering_ghost_sewer_d, kennysheep_boxes
D:7:      layout_loops_cross, st_stairs_8, kennysheep_small_spiral,
          uniq_menkaure
D:8:      layout_basic, gammafunk_ghost_nasty_kobolds,
          minmay_misc_feat_ornament, uniq_pikel
Temple:   regret_index_temple_generic_petals

Skill      XL: |  1  2  3  4  5  6  7  8  9 |
---------------+----------------------------+-----
Conjurations   | 2 3 |  3.0
Fighting       | 1 2 3 4 5 7 |  7.9
Air Magic      | 5 7 8 10 11 | 11.2
Spellcasting   | 3 |  3.0
Long Blades    | 2 6 |  6.2
Dodging        | |  2.1
Stealth        | |  2.0

Action                   |  1- 3 |  4- 6 |  7- 9 || total
-------------------------+-------+-------+-------++-------
Melee: Unarmed           |    13 |       |       ||    13
       Kick              |     2 |     3 |    13 ||    18
       Peck              |     1 |       |     5 ||     6
       Punch             |     1 |       |       ||     1
       Rapier            |       |    12 |    12 ||    24
       Falchion          |       |       |    22 ||    22
 Cast: Shock             |    56 |    78 |   122 ||   256
       Static Discharge  |       |    19 |    18 ||    37
       Airstrike         |       |       |    31 ||    31
  Use: Potion            |     1 |     2 |     3 ||     6
       Scroll            |     2 |     6 |    10 ||    18
 Stab: Sleeping          |       |     2 |     1 ||     3
Armor: Robe              |     2 |     7 |     9 ||    18
Dodge: Dodged            |    13 |    18 |    69 ||   100
Block: Other             |       |       |     5 ||     5

Table legend: (Time is in decaauts)
 A = Elapsed time spent in this place.
 B = Non-inter-level travel time spent in this place.
 C = Inter-level travel time spent in this place.
 D = Time resting spent in this place.
 E = Time spent auto-exploring this place.
 F = Levels seen in this place.
 G = Mean time per level.
                   A        B        C        D        E       F      G
               +--------+--------+--------+--------+--------+-----+--------+
         Total |  10350 |   9906 |    444 |    735 |   8259 |   9 | 1150.0 |
       Dungeon |  10126 |   9703 |    423 |    735 |   8067 |   8 | 1265.8 |
        Temple |    224 |    204 |     20 |      0 |    192 |   1 |  224.0 |
               +--------+--------+--------+--------+--------+-----+--------+

Top non-repeatable levels by time:
     D:6: 2212 daAuts
     D:7: 1700 daAuts
     D:3: 1471 daAuts
     D:5: 1394 daAuts
     D:2: 1377 daAuts
     D:4: 1127 daAuts
     D:1: 707 daAuts
  Temple: 224 daAuts
     D:8: 135 daAuts
